 Dungeon Crawl Stone Soup version 0.25-b1-50-g7b83aa7 (webtiles) character file.

Game seed: 3803388663224914770

559 Balder the Cudgeler (level 7, -8/41 HPs)
             Began as a Gargoyle Gladiator on June 12, 2020.
             Was an Initiate of Okawaru.
             Mangled by Menkaure (16 damage)
             ... on level 5 of the Dungeon.
             The game lasted 00:18:47 (5127 turns).

Balder the Cudgeler (Gargoyle Gladiator)            Turns: 5127, Time: 00:18:47

Health: -8/41      AC: 17    Str: 18    XL:     7   Next: 31%
Magic:  7/7        EV:  6    Int:  9    God:    Okawaru [......]
Gold:   72         SH:  9    Dex: 15    Spells: 6/6 levels left

rFire    . . .     SeeInvis .   a - +0 flail
rCold    . . .     Gourm    .   i - +0 kite shield
rNeg     + + .     Faith    .   l - +0 chain mail
rPois    ∞         Spirit   .   p - +0 helmet
rElec    +         Reflect  .   g - +0 cloak
rCorr    .         Harm     .   r - +0 pair of gloves {Dex+3}
MR       .....                  (no boots)
Stlth    ..........             (no amulet)
HPRegen  0.13/turn              n - ring of positive energy
MPRegen  0.10/turn              (no ring)

@: no status effects
A: negative energy resistance 1, electricity resistance, unbreathing,
petrification resistance, rot immunity, AC +4
a: Renounce Religion


You were on level 5 of the Dungeon.
You worshipped Okawaru.
Okawaru was noncommittal.
You were hungry.

You visited 2 branches of the dungeon, and saw 6 of its levels.

You collected 198 gold pieces.
You spent 126 gold pieces at shops.

Inventory:

Hand Weapons
 a - a +0 flail (weapon)
 c - a +0 falchion of draining
Missiles
 d - 3 throwing nets (quivered)
Armour
 g - a +0 cloak (worn)
 i - a +0 kite shield (worn)
 l - a +0 chain mail (worn)
 p - a +0 helmet (worn)
 r - a +0 pair of gloves of dexterity (worn)
Jewellery
 n - a ring of positive energy (left hand)
Scrolls
 e - 5 scrolls of identify
 j - 3 scrolls of teleportation
 k - a scroll of remove curse
 o - a scroll of enchant armour {unknown}
 q - 2 scrolls of immolation {unknown}
 s - a scroll of fear
Potions
 h - a potion of heal wounds {unknown}
 m - a potion of mutation {unknown}
 t - a potion of degeneration {unknown}
Comestibles
 f - 8 rations


   Skills:
 * Level 3.2 Fighting
 * Level 4.9 Maces & Flails
 * Level 2.7 Throwing
 * Level 3.4 Armour
 * Level 3.1 Dodging
 * Level 2.2 Stealth
 * Level 2.9 Shields
 * Level 0.2 Invocations


You had 6 spell levels left.
You didn't know any spells.
Your spell library contained the following spells:

 Spells                   Type           Power        Failure   Level  Hunger
 Summon Small Mammal      Summ           #...         100%        1    ##.....
 Call Imp                 Summ           #.......     100%        2    ###....
 Call Canine Familiar     Summ           #.......     100%        3    ####...
 Summon Guardian Golem    Hex/Summ       #.......     100%        3    ####...
 Summon Ice Beast         Ice/Summ       #.......     100%        4    #####..
 Summon Lightning Spire   Summ/Air       #.......     100%        4    #####..


Dungeon Overview and Level Annotations

Branches:
Dungeon (5/15)             Temple (1/1) D:5

Altars:
Ashenzari
Cheibriados
Dithmenos
Elyvilon
Fedhas
Gozag
Makhleb
Nemelex Xobeh
Okawaru
Sif Muna
Trog
Uskayaw
Vehumet
Wu Jian
Xom
Zin

Shops:
D:4 =(*:*

Annotations:
D:5 Menkaure


Innate Abilities, Weirdness & Mutations

You are resistant to torment.
Your stone body is resilient. (AC +4)
You are immune to poison.
You resist negative energy. (rN+)
You are resistant to electric shocks. (rElec)
You can survive without breathing.
You are immune to petrification.
You are immune to rotting.


Message History

You miss the crimson imp.
The crimson imp is heavily wounded.
Menkaure calls on the powers of darkness!
Your body is wracked with pain!
The crimson imp barely misses you.
You closely miss the crimson imp.
The crimson imp is moderately wounded.
You block the crimson imp's attack.
You miss the crimson imp.
The crimson imp is moderately wounded.
The crimson imp shouts, "Taste defeat, thou qualling fool-born apple-john!"
The crimson imp blinks!
You closely miss Menkaure.
The crimson imp shouts, "Leave, thou yeasty guts-griping vassal!"
Menkaure hits you!
* * * LOW HITPOINT WARNING * * *
Menkaure casts a spell at you.
You are unaffected.
Unknown command.
Menkaure hits you!
You die...

.#.......#.#...#..#..
..#.........#.#...#..
..##..##.....>.......
...#......(.#.#...###
..##...##..#...#..#
.......##.........### #.
....[..#......##....#
##o##
...##..##.....##.##....l
#.... ..## #........##@#
.#.. #..o.
#..#.#.......###M## ....
.............#..5.# #h
#.. ♣♣###...#.#.......#
#...###Z #
##.######.....# #..S...h
#♣.###..## #.$†..#
....###<
#♣.......##...†...# #
#.S5 ♣♣..#.........##..#
#.....
...##..........#..#
#.......


You could see Menkaure (fast) and a crimson imp.

Vanquished Creatures
  An ogre (D:5)
  A phantom (D:4)
  A scorpion (D:4)
  A crimson imp (D:4)
  A hound (D:5)
  An orc wizard (D:3)
  A gnoll shaman (D:4)
  An iguana (D:4)
  2 worker ants (D:4)
  5 adders
  4 gnolls (D:4)
  A worm (D:2)
  3 leopard geckos
  2 orcs (D:4)
  A ball python (D:1)
  12 bats
  5 giant cockroaches
  4 goblins
  4 hobgoblins
  5 jackals
  A quokka (D:2)
  3 frilled lizards
  3 kobolds (D:2)
  A leopard gecko skeleton (D:5)
  3 rats
67 creatures vanquished.

Notes
Turn   | Place    | Note
-------+----------+-------------------------------------------
     0 | D:1      | Balder the Gargoyle Gladiator began the quest for the Orb.
     0 | D:1      | Reached XP level 1. HP: 12/12 MP: 1/1
   271 | D:1      | Reached XP level 2. HP: 17/17 MP: 2/2
   809 | D:2      | Reached XP level 3. HP: 18/22 MP: 3/3
  1399 | D:2      | Found a shimmering altar of Xom.
  1402 | D:2      | Found a shimmering altar of Xom.
  1402 | D:2      | Found a bloodstained altar of Trog.
  1404 | D:2      | Found a burning altar of Makhleb.
  1404 | D:2      | Found an opulent altar of Gozag.
  1404 | D:2      | Found a stormy altar of Qazlal.
  1665 | D:2      | Reached skill level 1 in Armour
  2006 | D:3      | Found a shattered altar of Ashenzari.
  2185 | D:3      | Found an opulent altar of Gozag.
  2397 | D:3      | Found a shimmering blue altar of Sif Muna.
  2433 | D:3      | Reached XP level 4. HP: 7/27 MP: 4/4
  3017 | D:4      | Noticed a phantom
  3034 | D:4      | Reached skill level 1 in Stealth
  3065 | D:4      | Reached skill level 1 in Shields
  3065 | D:4      | Reached XP level 5. HP: 13/31 MP: 5/5
  3072 | D:4      | Killed a phantom
  3072 | D:4      | Reached skill level 4 in Maces & Flails
  3086 | D:4      | Reached XP level 6. HP: 5/36 MP: 6/6
  3780 | D:4      | Found Woashraa's Weapon Boutique.
  3820 | D:4      | Found Wueshiud's Jewellery Boutique.
  3849 | D:4      | Found Hog Sam's General Store.
  3995 | D:4      | Found Namim's General Store.
  4060 | D:4      | Found Geexkada's Book Shop.
  4511 | D:4      | Bought a +0 pair of gloves of dexterity for 126 gold pieces
  4573 | D:5      | Entered Level 5 of the Dungeon
  4590 | D:5      | Noticed Menkaure
  4745 | D:5      | Found a hide-covered altar of Uskayaw.
  4783 | D:5      | Found a staircase to the Ecumenical Temple.
  4804 | Temple   | Entered the Ecumenical Temple
  4972 | Temple   | Became a worshipper of Warmaster Okawaru
  5034 | D:5      | Reached XP level 7. HP: 39/41 MP: 7/7
  5127 | D:5      | Mangled by Menkaure

Illustrated notes

Levels and vault maps discovered:
D:1:      dpeg_arrival_rooms_b, layout_loops_ring
D:2:      layout_loops_corners, doesnt_xom_only_xom
D:3:      layout_loops_ring, lemuel_round_altar, nicolae_overflow_hidden_temple,
          led_sif_book, first_ration
D:4:      layout_basic, serial_shops,
          nicolae_shop_temple_entry_statues_fountains, nicolae_shop_statue_plus,
          nicolae_shop_temple_entry_statues_fountains, shop_fountains,
          nicolae_shop_behind_doors, eino_small_chamber_without_monster,
          grunt_ministairs_9, bh_walls_and_bars
D:5:      layout_cave_pools, kennysheep_mini_moat,
          yredelemnul_forgotten_temple_becter, minmay_temple_entry_crystal_x,
          serial_shops, shop, uniq_menkaure
Temple:   minmay_temple_curvy_loop

Skill      XL: |  1  2  3  4  5  6 |
---------------+-------------------+-----
Throwing       | 2 |  2.7
Armour         | 1 2 3 |  3.4
Stealth        | 1 2 |  2.2
Shields        | 1 2 |  2.9
Maces & Flails | 4 |  4.9
Dodging        | 3 |  3.1
Fighting       | 3 |  3.2
Invocations    | |  0.2

Action                   |  1- 3 |  4- 6 |  7- 9 || total
-------------------------+-------+-------+-------++-------
Melee: Flail             |   151 |   207 |    51 ||   409
  Use: Potion            |     2 |       |       ||     2
       Scroll            |       |     7 |       ||     7
  Eat: Chunk             |     5 |     5 |       ||    10
       Ration            |       |     1 |       ||     1
Armor: Leather armour    |    25 |       |       ||    25
       Chain mail        |    90 |   172 |    32 ||   294
Dodge: Dodged            |    97 |    53 |    19 ||   169
Block: Kite shield       |    17 |   110 |    15 ||   142
